 Dungeon Crawl Stone Soup version 0.21.1-1-g345015fe64 (webtiles) character file.

709 Loge the Ruffian (level 7, 71/71 HPs)
             Began as a Troll Monk on July 18, 2018.
             Was an Initiate of Gozag.
             Quit the game on level 4 of the Dungeon.
             The game lasted 00:05:40 (2785 turns).

Loge the Ruffian (Troll Monk)                       Turns: 2785, Time: 00:05:40

Health: 71/71      AC:  5    Str: 20    XL:     7   Next: 40%
Magic:  6/6        EV: 10    Int:  6    God:    Gozag
Gold:   358        SH:  0    Dex: 14    Spells: 6/6 levels left

rFire    . . .     SeeInvis .     - Unarmed
rCold    . . .     Gourm    +   (no shield)
rNeg     . . .     Faith    .   a - +0 robe
rPois    .         Spirit   .   (helmet restricted)
rElec    .         Reflect  .   (no cloak)
rCorr    .         Harm     .   (gloves unavailable)
MR       .....                  (boots unavailable)
Stlth    ++........             (no amulet)
HPRegen  0.61/turn              (no ring)
MPRegen  0.10/turn              (no ring)

@: no status effects
A: large, unfitting armour, claws 3, fast metabolism 3, gourmand, regeneration
1, shaggy fur 1, tough skin 2
a: Potion Petition, Call Merchant, Bribe Branch, Renounce Religion


You were on level 4 of the Dungeon.
You worshipped Gozag.
Gozag was aware of your devotion.
You were full.

You visited 2 branches of the dungeon, and saw 5 of its levels.

You collected 358 gold pieces.

Inventory:

Missiles
 i - 10 poisoned needles
 l - 8 tomahawks (quivered)
Armour
 a - a +0 robe (worn)
Jewellery
 p - a cursed -3 ring of dexterity {unknown}
 r - an uncursed ring of ice {unknown}
Wands
 o - a wand of acid (10)
 v - a wand of flame (23)
Scrolls
 c - 2 scrolls of identify {unknown}
 d - a scroll of magic mapping {unknown}
 e - a scroll of fear {unknown}
 f - 4 scrolls of fog {unknown}
 j - a scroll of amnesia {unknown}
 t - a scroll of remove curse {unknown}
 w - a scroll of teleportation {unknown}
Potions
 g - a potion of degeneration {unknown}
 k - a potion of cancellation {unknown}
 m - a potion of might {unknown}
 n - a potion of curing {unknown}
 s - a potion of magic {unknown}
Books
 h - a book of Maledictions

   Spells                             Type                      Level
   a - Corona                         Hexes                        1
   b - Ensorcelled Hibernation        Hexes/Ice                    2
   c - Confuse                        Hexes                        3
   d - Tukima's Dance                 Hexes                        3
   e - Dazzling Spray                 Conjuration/Hexes            3
 q - a book of Minor Magic

   Spells                             Type                      Level
   a - Magic Dart                     Conjuration                  1
   b - Blink                          Translocation                2
   c - Call Imp                       Summoning                    2
   d - Slow                           Hexes                        2
   e - Conjure Flame                  Conjuration/Fire             3
   f - Mephitic Cloud                 Conjuration/Poison/Air       3
 u - a book of Conjurations

   Spells                             Type                      Level
   a - Magic Dart                     Conjuration                  1
   b - Searing Ray                    Conjuration                  2
   c - Dazzling Spray                 Conjuration/Hexes            3
   d - Fulminant Prism                Conjuration/Hexes            4
   e - Force Lance                    Conjuration/Translocation    4
   f - Iskenderun's Mystic Blast      Conjuration                  4
Comestibles
 b - 8 rations


   Skills:
 + Level 4.5 Fighting
 - Level 2.4 Dodging
 - Level 1.0 Stealth
 * Level 7.4 Unarmed Combat


You had 6 spell levels left.
You didn't know any spells.

Dungeon Overview and Level Annotations

Branches:
Dungeon (4/15)             Temple (1/1) D:4

Altars:
Ashenzari
Cheibriados
Elyvilon
Fedhas
Gozag
Hepliaklqana
Kikubaaqudgha
Ru
Uskayaw
Wu Jian
Xom
Yredelemnul
Zin
The Shining One


Innate Abilities, Weirdness & Mutations

You are too large for most types of armour.
You have claws for hands.
Your metabolism is lightning-fast.
You like to eat raw meat.
Your natural rate of healing is unusually fast.
You are covered in fur. (AC +1)
You have very tough skin. (AC +2)


Message History

No target in view!
You now have 275 gold pieces (gained 7).
You now have 297 gold pieces (gained 22).
You see here a giant club.
You now have 305 gold pieces (gained 8).
You now have 323 gold pieces (gained 18).
Found a club.
You see here a club.
HP restored.
Found a helmet.
You now have 336 gold pieces (gained 13).
Found a stone staircase leading down.
There is a staircase to the Ecumenical Temple here.
You now have 349 gold pieces (gained 13).
You now have 358 gold pieces (gained 9).
There is a staircase to the Ecumenical Temple here.
Found 29 bolts.
No target in view!
h - a book of Maledictions Are you sure you want to abandon this character and quit the game? (Confirm with "yes".)

####...###.### #.
.........##.#.. #.
#####.##.##.#.. #.
#.##.##.#.. #.
#..#...>... #.
######.....#....
##.##......##.......
#.....####.........#
#..@................
#..........##....#..
#......#########.##...#
...##(..# ####8...#.#
#. #...## #...>.#...# #
#.#########.##8##.#.#
#. ...............#..
#. .#####.........###
#.........#


There were no monsters in sight!

Vanquished Creatures
  The ghost of SWATDuck the Insei, an amateur OpTm of Dithmenos (D:4)
  2 ogres (D:4)
  A hound (D:3)
  3 orc wizards
  A worker ant (D:4)
  A howler monkey skeleton (D:4)
  3 gnolls (D:3)
  10 adders
  3 worms
  A dart slug (D:1)
  2 leopard geckos
  8 orcs
  5 bats
  5 giant cockroaches
  13 goblins
  6 hobgoblins
  6 jackals
  5 kobolds
  A quokka (D:4)
  4 frilled lizards
  2 quokka skeletons (D:4)
  15 rats
98 creatures vanquished.

Notes
Turn   | Place    | Note
-------+----------+-------------------------------------------
     0 | D:1      | Loge the Troll Monk began the quest for the Orb.
     0 | D:1      | Reached XP level 1. HP: 22/22 MP: 0/0
   127 | D:1      | Reached XP level 2. HP: 23/29 MP: 1/1
   394 | D:1      | Reached XP level 3. HP: 35/36 MP: 2/2
   707 | D:2      | Reached skill level 4 in Unarmed Combat
   843 | D:2      | Reached XP level 4. HP: 45/45 MP: 3/3
  1365 | D:3      | Reached skill level 5 in Unarmed Combat
  1372 | D:3      | Reached XP level 5. HP: 45/53 MP: 4/4
  1539 | D:3      | Found a glowing golden altar of the Shining One.
  2123 | D:4      | Reached XP level 6. HP: 62/62 MP: 5/5
  2170 | D:4      | Reached skill level 6 in Unarmed Combat
  2171 | D:4      | Found an opulent altar of Gozag.
  2197 | D:4      | Noticed SWATDuck's ghost (amateur OpTm)
  2230 | D:4      | Killed SWATDuck's ghost
  2232 | D:4      | Reached skill level 7 in Unarmed Combat
  2232 | D:4      | Reached XP level 7. HP: 12/71 MP: 6/6
  2375 | D:4      | Found a staircase to the Ecumenical Temple.
  2389 | Temple   | Entered the Ecumenical Temple
  2614 | D:4      | Became a worshipper of Gozag Ym Sagoz the Greedy
  2785 | D:4      | Quit the game

Skill      XL: |  1  2  3  4  5  6 |
---------------+-------------------+-----
Unarmed Combat | 4 5 7 |  7.4
Fighting       | 3 4 |  4.5
Dodging        | |  2.4
Stealth        | |  1.0

Action                   |  1- 3 |  4- 6 |  7- 9 || total
-------------------------+-------+-------+-------++-------
Melee: Unarmed           |   107 |   168 |    14 ||   289
       Punch             |       |     3 |       ||     3
 Stab: Sleeping          |     1 |     2 |     1 ||     4
  Eat: Chunk             |    13 |    13 |     2 ||    28
Armor: Robe              |    37 |    49 |     7 ||    93
Dodge: Dodged            |    44 |    74 |     1 ||   119
